 Seeded DCSS version 0.31-a0-496-g6f97920a28 (webtiles) character file.

Game seed: 7415222406553760909 (custom seed)

4 innerfire43 the Trooper (level 1, 0/18 HPs)
             Began as a Demonspawn Monk on Aug 8, 2023.
             Slain by a quokka (4 damage)
             ... on level 1 of the Dungeon.
             The game lasted 00:00:17 (62 turns).

innerfire43 the Trooper (Demonspawn Monk)             Turns: 62, Time: 00:00:17

Health: 0/18       AC:  2    Str: 11    XL:     1   Next: 50%
Magic:  1/1        EV: 13    Int: 11    God:
Gold:   32         SH:  0    Dex: 15    Spells: 0/0 levels left

rFire   . .          .
                       - Unarmed
rCold   . . .        c - orb {light}
rNeg    . . .        a - +0 robe
rPois   .            (no helmet)
rElec   .            (no cloak)
rCorr   .            (no gloves)
SInv    .            (no boots)
Will    .....        (no amulet)
Stlth   +            (no ring)
HPRegen 0.23/turn    (no ring)
MPRegen 0.07/turn

%: no passive effects
@: glowing
A: no striking features
a: no special abilities


You were on level 1 of the Dungeon.
You visited 1 branch of the dungeon, and saw 1 of its levels.

You collected 32 gold pieces.

Inventory:

Armour
 a - a +0 robe (worn)
 c - an orb of light (worn)
Jewellery
 d - a ring of wizardry
Potions
 b - a potion of ambrosia
 e - a potion of curing {unknown}


   Skills:
 - Level 3.0 Fighting
 + Level 2.7 Dodging
 * Level 2.8 Unarmed Combat
 * Level 0.2 Shapeshifting


You couldn't memorise any spells.
You didn't know any spells.
Your spell library was empty.

Dungeon Overview and Level Annotations

Branches:
Dungeon (1/15)

Altars:


Message History

The quokka attacks as you move away! The quokka barely misses you.
The jackal barks!
The jackal completely misses you. The quokka bites you.
You hit the jackal.
The jackal is moderately wounded.
The bat closely misses you. The jackal barely misses you.
The bat barely misses you. The quokka closely misses you.
The jackal misses you.
You hit the jackal.
The jackal is severely wounded.
The bat hits you. The bat hits you but does no damage.
The quokka bites you but does no damage.
The jackal bites you but does no damage.
You closely miss the jackal.
The jackal is severely wounded.
The bat barely misses you. The quokka bites you. The jackal bites you.
You closely miss the jackal.
The jackal is severely wounded.
The bat closely misses you. The jackal bites you.
The quokka bites you but does no damage.
The jackal barely misses you.
Unknown command.
The bat hits you but does no damage.
A rat comes into view.
The bat barely misses you. The quokka bites you.
* * * LOW HITPOINT WARNING * * *
You hit the quokka but do no damage. The bat hits you but does no damage.
The quokka completely misses you.
You hit the quokka.
The quokka is moderately wounded.
The bat hits you but does no damage. The quokka barely misses you.
You barely miss the quokka.
The quokka is moderately wounded.
The bat barely misses you. The quokka closely misses you.
You hit the quokka.
The quokka is heavily wounded.
The bat hits you.
* * * LOW HITPOINT WARNING * * *
The quokka bites you.
You die...

#~~. .... # ~~## ...#
.###.#### ....
#####.##..
..#.####.#<#.##.
......#..###.###
##.##..#.....##.#. #.b#
###.#....#.#. . #@#
##.....#..... ...
#r####...#........
)....##hh..........#....
..h...hg.......#####....
#.g..#r..........###....
..............)...###.##
.........####.†#..##...
......>.## #..######.#
.....>..# #..# ..


You could see a quokka, 3 jackals, a hobgoblin, a bat and a rat.

Vanquished Creatures
  A bat (D:1)
  A goblin (D:1)
  A ball python (D:1)
  A rat (D:1)
4 creatures vanquished.

Notes
Turn   | Place    | Note
-------+----------+-------------------------------------------
     0 | D:1      | innerfire43 the Demonspawn Monk began the quest for the
                  | Orb.
     0 | D:1      | Reached XP level 1. HP: 18/18 MP: 1/1
    62 | D:1      | Slain by a quokka

Illustrated notes

Levels and vault maps discovered:
D:1:      spicycebolla_green_bress_n_ham_2, layout_rooms, serial_shops, shop,
          minmay_misc_feat_hallway

Action                     || total
---------------------------++-------
  Melee: Unarmed           ||    14
 Armour: Robe              ||    11
  Dodge: Dodged            ||    18

Table legend: (Time is in decaauts)
 A = Elapsed time spent in this place.
 B = Non-inter-level travel time spent in this place.
 C = Inter-level travel time spent in this place.
 D = Time resting spent in this place.
 E = Time spent auto-exploring this place.
 F = Levels seen in this place.
 G = Mean time per level.
                   A        B        C        D        E       F      G
               +--------+--------+--------+--------+--------+-----+--------+
         Total |     61 |     61 |      0 |      0 |     21 |   1 |   61.0 |
       Dungeon |     61 |     61 |      0 |      0 |     21 |   1 |   61.0 |
               +--------+--------+--------+--------+--------+-----+--------+

Top non-repeatable levels by time:
     D:1: 61 daAuts
